 Dungeon Crawl Stone Soup version 0.21-a0-142-gdd972a7 (webtiles) character file.

101 AverageBear the Cutter (level 4, 15/27 HPs)
             Began as a Deep Elf Fighter on July 22, 2017.
             Quit the game on level 2 of the Dungeon.
             The game lasted 00:01:22 (1607 turns).

AverageBear the Cutter (Deep Elf Fighter)           Turns: 1607, Time: 00:01:23

Health: 15/27      AC:  0    Str: 14    XL:     4   Next: 48%
Magic:  6/6        EV:  6    Int: 13    God:
Gold:   61         SH:  8    Dex: 14    Spells: 3/3 levels left

rFire    . . .     SeeInvis .   a - +0 rapier
rCold    + . .     Gourm    .   c - +0 shield
rNeg     . . .     Faith    .   b - +0 scale mail
rPois    .         Spirit   .   (no helmet)
rElec    .         Reflect  .   (no cloak)
rCorr    .         Harm     .   (no gloves)
MR       .....                  (no boots)
Stlth    ..........             (no amulet)
HPRegen  0.09/turn              l - ring of protection from cold
MPRegen  0.10/turn              k - -6 ring of protection (curse)

@: no status effects
A: no striking features
a: no special abilities


You were on level 2 of the Dungeon.
You were not hungry.

You visited 1 branch of the dungeon, and saw 2 of its levels.

You collected 61 gold pieces.

Inventory:

Hand Weapons
 a - a +0 rapier (weapon)
Armour
 b - a +0 scale mail (worn)
 c - a +0 shield (worn)
Jewellery
 k - a cursed -6 ring of protection (right hand)
 l - a ring of protection from cold (left hand)
Potions
 d - a potion of might
 g - 3 potions of lignification
 i - 2 potions of ambrosia
 n - a potion of magic
Comestibles
 f - 2 bread rations
 h - 2 meat rations
 j - 2 chunks of flesh


   Skills:
 - Level 2.4 Fighting
 + Level 4.8 Short Blades
 - Level 2.4 Armour
 - Level 2.4 Shields


You had 3 spell levels left.
You didn't know any spells.

Dungeon Overview and Level Annotations

Branches:
Dungeon (2/15)

Altars:


Message History

You are too injured to fight recklessly!
You are too injured to fight recklessly!
You are too injured to fight recklessly!
You are too injured to fight recklessly!
You are too injured to fight recklessly!
You are too injured to fight recklessly!
You are too injured to fight recklessly!
You are too injured to fight recklessly!
You are too injured to fight recklessly!
You are too injured to fight recklessly!
You are too injured to fight recklessly!
You are too injured to fight recklessly!
You are too injured to fight recklessly!
You are too injured to fight recklessly!
You are too injured to fight recklessly!
You are too injured to fight recklessly!
You are too injured to fight recklessly!
You are too injured to fight recklessly!
You are too injured to fight recklessly!
Are you sure you want to abandon this character and quit the game? (Confirm with "yes".)

#.........#.## #........
##............#####...#
#...........#.........##
#..............#####...#
..###...........##.# ##..#
................##.# #..#
..>...#........###.# #..#
.###........s...##.# #..##
#........@...##.## #...#
#.#..........##..# #.#..
#.#..........###.## #.##. #
#>.........# #..# #.##. #
##........## ##.# #.##. .###.
##.......# #.## #.### .....#
###...#.## #..# #.##.
#...#####.....## ##.###.##.
###.#.†.####.#...####..##.##.


You could see a giant cockroach.

Vanquished Creatures
  A gnoll (D:1)
  2 adders (D:2)
  2 oozes (D:2)
  A worm (D:2)
  4 dart slugs (D:1)
  2 leopard geckos (D:2)
  2 giant cockroaches (D:1)
  8 goblins
  6 hobgoblins (D:1)
  6 jackals
  4 bats
  3 frilled lizards
  5 kobolds
  2 rats
48 creatures vanquished.

Notes
Turn   | Place    | Note
-------+----------+-------------------------------------------
     0 | D:1      | AverageBear the Deep Elf Fighter began the quest for the Orb.
     0 | D:1      | Reached XP level 1. HP: 13/13 MP: 3/3
   233 | D:1      | Reached XP level 2. HP: 15/18 MP: 4/4
   301 | D:1      | Reached skill level 3 in Short Blades
   404 | D:1      | Reached XP level 3. HP: 7/22 MP: 5/5
   981 | D:1      | Reached skill level 4 in Short Blades
  1221 | D:2      | Reached XP level 4. HP: 19/27 MP: 6/6
  1607 | D:2      | Quit the game

Vault maps used:
D:1:      sevenhm_arrival_forest_fort_large_4, minmay_split_cup_large
D:2:      first_bread, minmay_bisected, uniq_crazy_yiuf_cottage, uniq_terence

Skill      XL: |  1  2  3 |
---------------+----------+-----
Short Blades   | 3 4 |  4.8
Fighting       | |  2.4
Armour         | |  2.4
Shields        | |  2.4

Action                   |  1- 3 |  4- 6 || total
-------------------------+-------+-------++-------
Melee: Rapier            |   119 |    47 ||   166
  Use: Scroll            |     3 |     2 ||     5
       Potion            |     3 |       ||     3
  Eat: Chunk             |     1 |     1 ||     2
Armor: Scale mail        |    50 |    24 ||    74
Dodge: Dodged            |    30 |    10 ||    40
Block: Shield            |    70 |    23 ||    93
